 Dungeon Crawl Stone Soup version 0.29.0-11-gd7f09526c8 (webtiles) character file.

Game seed: 2669933384969800624

4 StoopidFlanders the Slasher (level 1, -1/19 HPs)
             Began as a Meteoran Cinder Acolyte on Sept 3, 2022.
             Was a High Priest of Ignis.
             Slain by an endoplasm (3 damage)
             ... on level 1 of the Dungeon.
             The game lasted 00:00:40 (109 turns).

StoopidFlanders the Slasher (MeCA)                   Turns: 109, Time: 00:00:40

Health: -1/19      AC:  2    Str: 15    XL:     1   Next: 85%
Magic:  3/3        EV: 11    Int: 15    God:    Ignis [*****.]
Gold:   11         SH:  0    Dex:  9    Spells: 2/2 levels left

rFire   + . .      SeeInvis .   a - -1 falchion (flame)
rCold   . . .      Faith    .   (no shield)
rNeg    . . .      Spirit   .   b - +0 robe
rPois   .          Reflect  .   (no helmet)
rElec   .          Harm     .   (no cloak)
rCorr   .          Rampage  .   (no gloves)
Will    .....                   (no boots)
Stlth   +.........              (no amulet)
HPRegen 0.06/turn               (no ring)
MPRegen 0.08/turn               (no ring)

@: glowing
A: sense surroundings 1, otherworldly, glowing, explore regen
a: Renounce Religion, Fiery Armour, Foxfire Swarm, Rising Flame


You were on level 1 of the Dungeon.
You worshipped Ignis.
Ignis was extremely pleased with you.
You visited 1 branch of the dungeon, and saw 1 of its levels.

You collected 11 gold pieces.

Inventory:

Hand Weapons
 a - a -1 falchion of flaming (weapon)
Armour
 b - a +0 robe (worn)
Potions
 c - a potion of flight {unknown}


   Skills:
 - Level 3.2 Fighting
 * Level 4.0 Long Blades
 - Level 1.3 Spellcasting
 - Level 3.6 Fire Magic


You had 2 spell levels left.
You didn't know any spells.
Your spell library contained the following spells:

 Spells                   Type           Power      Damage    Failure   Level
 Scorch                   Fire           22%        2d6       9%          2


Dungeon Overview and Level Annotations

Branches:
Dungeon (1/15) Zot: 489

Altars:


Innate Abilities, Weirdness & Mutations

You passively map a small area around you.
You are easily found by Zot.
You glow in the dark.
You regain HP and MP as you explore.


Message History

You kill the frilled lizard!
Found a stone staircase leading down.
A kobold comes into view. It is wielding a +0 short sword.
The kobold shouts!
A kobold is nearby!
You closely miss the kobold.
The kobold hits you with a +0 short sword.
A kobold opens the door.
The kobold shouts!
You hit the kobold. You burn the kobold.
You kill the kobold!
The kobold hits you with a +0 dagger.
You closely miss the kobold. You punch the kobold, but do no damage.
The kobold hits you with a +0 dagger.
You barely miss the kobold. The kobold completely misses you.
An endoplasm comes into view.
You hit the kobold. You burn the kobold.
The kobold is severely wounded.
The kobold hits you with a +0 dagger.
You are too injured to fight recklessly!
You are too injured to fight recklessly!
You slash the kobold! You burn the kobold.
You kill the kobold!
Your Long Blades skill increases to level 4!
The endoplasm hits you.
There is an open door here.
Things that are here:
a +0 dagger; 3 stones You barely miss the endoplasm.
The endoplasm hits you.
You hit the endoplasm. You burn the endoplasm.
The endoplasm is heavily wounded.
The endoplasm freezes you.
You are frozen.
* * * LOW HITPOINT WARNING * * *
The endoplasm attacks as you move away! The endoplasm closely misses you.
The endoplasm attacks as you move away! The endoplasm closely misses you.
The endoplasm attacks as you move away! The endoplasm hits you.
* * * LOW HITPOINT WARNING * * *
The endoplasm attacks as you move away! The endoplasm hits you.
You die...

#. #..# #...#* #.. #.>#
##...# , .. #..# #....#
*#. #..# #....# * **
#######..# #....####
##........# #.......# *
* ..........#
#.......#, ,
#..)...####.......#, ,,
.....#)#......J@.....#,
,, *###
#.###########.#######
** #.. ,
..............# ,, *
,.... ......#.#####.# ,
,,, .....
....#.#.#...#.#**,,
...................#.#
, , ,
,.###################.#
** ..* ≈.~...P..<# #.#
.P...P..~P## #.#


You could see an endoplasm.

Vanquished Creatures
  A goblin (D:1)
  2 kobolds (D:1)
  A frilled lizard (D:1)
4 creatures vanquished.

Notes
Turn   | Place    | Note
-------+----------+-------------------------------------------
     0 | D:1      | StoopidFlanders the Meteoran Cinder Acolyte began the quest
                  | for the Orb.
     0 | D:1      | Reached XP level 1. HP: 19/19 MP: 3/3
    97 | D:1      | Reached skill level 4 in Long Blades
   109 | D:1      | Slain by an endoplasm

Illustrated notes

Levels and vault maps discovered:
D:1:      lemuel_arrival_muddy, layout_basic, serial_aquarium,
          aquarium_bridge_square [aquarium_subvault_bridge,
          aquarium_subvault_bridge, aquarium_subvault_wall,
          aquarium_subvault_wall], aquarium_bridge_straight
          [aquarium_subvault_bridge, aquarium_subvault_window,
          aquarium_subvault_bridge, aquarium_subvault_balcony],
          aquarium_window_1, aquarium_window_fake, aquarium_window_2,
          aquarium_window_fake, aquarium_view_2e, aquarium_view_2d,
          aquarium_balcony_1b, minmay_unequal

Skill      XL: |  1 |
---------------+----+-----
Long Blades    | 4 |  4.0
Fighting       | |  3.2
Spellcasting   | |  1.3
Fire Magic     | |  3.6

Action                   || total
-------------------------++-------
Melee: Falchion          ||    10
       Punch             ||     1
Dodge: Dodged            ||     5
